 Dungeon Crawl Stone Soup version 0.29.0-4-gdea44cf6ec (webtiles) character file.

Game seed: 1367037427191288776

46 qw the Chopper (level 3, -3/21 HPs)
             Began as a Tengu Warper on Aug 28, 2022.
             Slain by a gnoll
             ... wielding a +0 halberd
              (7 damage)
             ... on level 2 of the Dungeon.
             The game lasted 00:00:05 (1414 turns).

qw the Chopper (Tengu Warper)                       Turns: 1414, Time: 00:00:06

Health: -3/21      AC: 10    Str: 13    XL:     3   Next: 68%
Magic:  7/7        EV:  3    Int: 13    God:
Gold:   19         SH:  0    Dex: 13    Spells: 6/6 levels left

rFire   . . .      SeeInvis .   Y - +0 hand axe
rCold   . . .      Faith    .   (no shield)
rNeg    . . .      Spirit   .   i - +0 plate armour
rPois   .          Reflect  .   (helmet restricted)
rElec   .          Harm     .   (no cloak)
rCorr   .          Rampage  .   (no gloves)
Will    .....                   (boots unavailable)
Stlth   ..........              (no amulet)
HPRegen 0.07/turn               (no ring)
MPRegen 0.10/turn               (no ring)

@: no status effects
A: beak, talons 3
a: no special abilities


You were on level 2 of the Dungeon.
You visited 1 branch of the dungeon, and saw 2 of its levels.

You collected 19 gold pieces.


Innate Abilities, Weirdness & Mutations

You have a beak for a mouth.
You have claws for feet.


   Skills:
 - Level 2.0 Fighting
 - Level 4.1 Axes
 - Level 1.0 Throwing
 + Level 1.6 Armour
 - Level 2.1 Dodging
 - Level 2.0 Spellcasting
 - Level 2.4 Translocations


You had 6 spell levels left.
You didn't know any spells.
Your spell library contained the following spells:

 Spells                   Type           Power      Damage    Failure   Level
 Blink                    Tloc           14%        N/A       100%        2
 Gell's Gravitas          Tloc           7%         N/A       100%        3
 Lesser Beckoning         Tloc           7%         N/A       100%        3
 Teleport Other           Tloc           7%         N/A       100%        3
 Manifold Assault         Tloc           7%         N/A       100%        5

Inventory:

Hand Weapons
 f - a +0 whip
 Y - a +0 hand axe (weapon)
Missiles
 d - 3 boomerangs (quivered)
Armour
 i - a +0 plate armour (worn)
Potions
 a - a potion of berserk rage {unknown}
 j - a potion of brilliance {unknown}

Dungeon Overview and Level Annotations

Branches:
Dungeon (2/15)

Altars:

Shops:
D:1 (


Message History

A gnoll comes into view. It is wielding a +0 club.
You hear an angry hiss.
You hear a shout!
Throw: 3 boomerangs
Press: ? - help, Q - select action Shift-Dir - straight line, f - gnoll You throw a boomerang.
The boomerang hits the gnoll.
The gnoll is heavily wounded.
A kobold comes into view. It is wielding a +0 whip.
Throw: 3 boomerangs
Press: ? - help, Q - select action Shift-Dir - straight line, f/p - gnoll You throw a boomerang.
The boomerang hits the gnoll.
The gnoll is almost dead.
A gnoll comes into view. It is wielding a +0 halberd.
A rat comes into view.
1405 ||| Stepping ~*~*~tactically~*~*~ (hiding).
A giant cockroach comes into view.
1406 ||| Stepping ~*~*~tactically~*~*~ (stealth).
You start waiting.
A gnoll is nearby!
You hit the gnoll.
The gnoll is moderately wounded.
The gnoll hits you but does no damage.
You hit the gnoll. You claw the gnoll. You peck the gnoll.
You kill the gnoll!
The kobold barely misses you.
The gnoll hits you from afar with a +0 halberd.
The gnoll hits you but does no damage.
Your Axes skill increases to level 4!
You closely miss the gnoll. You peck the gnoll.
You kill the gnoll!
You hit the kobold but do no damage. The gnoll barely misses you.
The kobold hits you with a +0 whip.
You closely miss the kobold. Your peck misses the kobold.
The kobold hits you with a +0 whip.
The gnoll hits you from afar with a +0 halberd!
You hit the rat.
You kill the rat!
You closely miss the kobold. The kobold hits you but does no damage.
The gnoll hits you from afar with a +0 halberd!
You die... ##### #### #>.$#...B. #..g...... #)K#...... #.@# ..... #..## gg..

##########...#
..g
#........#.#.#
r.
#........#.#.#
.
#:.......'.#..
#........####..
#........# ##
######'###


You could see a gnoll and a kobold.

Vanquished Creatures
  2 gnolls (D:2)
  A worm (D:2)
  2 bats (D:1)
  2 endoplasms
  2 giant cockroaches (D:1)
  3 goblins
  3 hobgoblins (D:1)
  3 jackals (D:1)
  A quokka (D:1)
  A frilled lizard (D:1)
  3 rats
23 creatures vanquished.

Notes
Turn   | Place    | Note
-------+----------+-------------------------------------------
     0 | D:1      | qw the Tengu Warper began the quest for the Orb.
     0 | D:1      | Reached XP level 1. HP: 12/12 MP: 4/4
     0 | D:1      | 0 ||| qw: Version: 0.1-a-89-g26bdef1
     0 | D:1      | 0 ||| qw: Game counter: 971
     0 | D:1      | 0 ||| qw: Always use a shield: true
     0 | D:1      | 0 ||| qw: God list: Okawaru
     0 | D:1      | 0 ||| qw: Allow faded altars: false
     0 | D:1      | 0 ||| qw: Do Orc after D:15 true
     0 | D:1      | 0 ||| qw: Do second Lair branch before Depths: true
     0 | D:1      | 0 ||| qw: Lair rune preference: random
     0 | D:1      | 0 ||| qw: Plans: Normal
     0 | D:1      | 0 ||| PLANNING D:1-11
   217 | D:1      | 217 ||| Stepping ~*~*~tactically~*~*~ (stealth).
   321 | D:1      | Found Jianotom's Weapon Emporium.
   438 | D:1      | Reached skill level 3 in Axes
   438 | D:1      | Reached XP level 2. HP: 17/17 MP: 6/6
   554 | D:1      | Found a faded altar of an unknown god.
   718 | D:1      | 718 ||| Stepping ~*~*~tactically~*~*~ (stealth).
  1039 | D:1      | 1039 ||| UPGRADING to +0 chain mail.
  1049 | D:1      | 1049 ||| DROPPING +0 leather armour.
  1050 | D:1      | 1050 ||| UPGRADING to +0 plate armour.
  1060 | D:1      | 1060 ||| DROPPING +0 chain mail.
  1061 | D:1      | 1061 ||| READING scroll labelled HEGIORCH UNUNEF.
  1062 | D:1      | 1062 ||| READING scroll labelled NYGEOMN NIBE.
  1063 | D:1      | 1063 ||| READING scroll labelled BUAPTU GIPOPT.
  1064 | D:1      | 1064 ||| READING scroll labelled IMOR PUDURCHAQE.
  1065 | D:1      | 1065 ||| DROPPING scroll of blinking.
  1148 | D:2      | Reached XP level 3. HP: 21/21 MP: 7/7
  1405 | D:2      | 1405 ||| Stepping ~*~*~tactically~*~*~ (hiding).
  1406 | D:2      | 1406 ||| Stepping ~*~*~tactically~*~*~ (stealth).
  1412 | D:2      | Reached skill level 4 in Axes
  1413 | D:2      | HP: 4/21 [gnoll/+0 halberd (9)]
  1414 | D:2      | Slain by a gnoll

Levels and vault maps discovered:
D:1:      minmay_arrival_widening_spiral_wide, layout_loops_corners,
          serial_shops, nicolae_shop_bloodbath_and_beyond,
          hellmonk_ecumenical_altar_lost_god,
          nicolae_concentric_dashed_squares_mild
D:2:      layout_basic, hangedman_decor_clover_reticule, minmay_quadrilaterals

Skill      XL: |  1  2  3 |
---------------+----------+-----
Axes           | 3 4 |  4.1
Fighting       | |  2.0
Throwing       | |  1.0
Armour         | |  1.6
Dodging        | |  2.1
Spellcasting   | |  2.0
Translocations | |  2.4

Action                   || total
-------------------------++-------
Melee: Hand axe          ||    46
       Kick              ||    13
       Peck              ||    10
Throw: Boomerang         ||    25
  Use: Scroll            ||     4
Armor: Plate armour      ||     6
       Leather armour    ||     1
Dodge: Dodged            ||    19

Table legend:
 A = Non-vault XP
 B = Vault XP
 C = Vault XP percentage of total XP
 D = Non-vault monster count
 E = Vault monster count
 F = Vault count percentage of total count
                 A         B        C        D         E       F
            +---------+---------+-------+---------+---------+-------
      Total |      68 |       0 |   0.0 |      23 |       0 |   0.0
            +---------+---------+-------+---------+---------+-------
        D:1 |      29 |       0 |   0.0 |      16 |       0 |   0.0
        D:2 |      39 |       0 |   0.0 |       7 |       0 |   0.0
            +---------+---------+-------+---------+---------+-------
